| TOP OF THE 1ST |
|
Palm Beach Nationals batting - Pitching for Calgary Flames : RHP Antonio Reyes
|
|
Pitching: RHP Antonio Reyes
|
|
|
Batting: RHB Bobby Bricker
|
0-0: Called Strike 0-1: Fly out, F8 (Line Drive, 8RM, EV 104.4 MPH)
|
|
Batting: RHB Victor Cintron
|
0-0: Ball 1-0: Ball 2-0: Called Strike 2-1: Foul Ball, location: 2F 2-2: Foul Ball, location: 2F 2-2: Foul Ball, location: 2F 2-2: Strikes out swinging
|
|
Batting: RHB Steve Bauman
|
0-0: SINGLE (Line Drive, 6D, EV 97.5 MPH)
|
|
Batting: RHB Gregg Huddleston
|
0-0: Ball 1-0: Ball 2-0: Called Strike 2-1: SINGLE (Line Drive, 9LM, EV 108.1 MPH) Steve Bauman to second Throwing error, E9 Steve Bauman scores Gregg Huddleston to second
|
|
Batting: RHB Antonio Vallez
|
0-0: Called Strike 0-1: Ball 1-1: Foul Ball, location: 2F 1-2: Strikes out looking
|
| Top of the 1st over - 1 run, 2 hits, 1 error, 1 left on base; Palm Beach 1 - Calgary 0 |
| BOTTOM OF THE 1ST |
|
Calgary Flames batting - Pitching for Palm Beach Nationals : RHP John Kovach
|
|
Pitching: RHP John Kovach
|
|
|
Batting: RHB Dave McBain
|
0-0: Called Strike 0-1: Fly out, F7 (Line Drive, 7, EV 85.6 MPH)
|
|
Batting: LHB Ramon Vega
|
0-0: Foul Ball, location: 2F 0-1: Ball 1-1: DOUBLE (Groundball, 3L, EV 95.6 MPH)
|
|
Batting: RHB Eric McMillian
|
0-0: Ball 1-0: Ground out 5-3 (Groundball, 56, EV 93.8 MPH)
|
|
Batting: RHB Wally Cangro
|
0-0: Ball 1-0: Foul Ball, location: 2F 1-1: Ground out 5-3 (Groundball, 5S, EV 89.4 MPH)
|
| Bottom of the 1st over - 0 runs, 1 hit, 0 errors, 1 left on base; Palm Beach 1 - Calgary 0 |
| TOP OF THE 2ND |
|
Palm Beach Nationals batting - Pitching for Calgary Flames : RHP Antonio Reyes
|
|
Batting: RHB Justin Van Houten
|
0-0: Called Strike 0-1: Ground out 5-3 (Groundball, 56, EV 105.6 MPH)
|
|
Batting: RHB Scott Merritt
|
0-0: Ball 1-0: Called Strike 1-1: Foul Ball, location: 2F 1-2: Strikes out swinging
|
|
Batting: RHB Jelexiz Cuenca
|
0-0: Ball 1-0: Ball 2-0: SINGLE (Line Drive, 34, EV 97.5 MPH)
|
|
Batting: RHB Lamar Thornton
|
0-0: Ball 1-0: Foul Ball, location: 2F 1-1: Fly out, F9 (Flyball, 9S, EV 87.5 MPH)
|
| Top of the 2nd over - 0 runs, 1 hit, 0 errors, 1 left on base; Palm Beach 1 - Calgary 0 |
| BOTTOM OF THE 2ND |
|
Calgary Flames batting - Pitching for Palm Beach Nationals : RHP John Kovach
|
|
Batting: LHB Tony Contreras
|
0-0: Swinging Strike 0-1: Foul Ball, location: 2F 0-2: Foul Ball, location: 2F 0-2: Ball 1-2: Ball 2-2: Ball 3-2: Foul Ball, location: 2F 3-2: SINGLE (Groundball, 6MD, EV 98.8 MPH) (infield hit)
|
|
Pitching: LHP Kevin Besser
|
|
|
Batting: RHB Brian DeVoe
|
0-0: Foul Ball, location: 2F 0-1: Ball 1-1: Ball 2-1: Foul Ball, location: 2F 2-2: Grounds into double play, 4-6-3 (Groundball, 4D, EV 103.1 MPH)
|
|
Batting: RHB Mike MacLeod
|
0-0: Called Strike 0-1: SOLO HOME RUN (Flyball, 78XD, EV 111.9 MPH), Distance : 460 ft
|
|
Batting: LHB Lu-po-teh Zhou
|
0-0: Ball 1-0: Ball 2-0: Ball 3-0: Foul Ball, location: 2F 3-1: DOUBLE (Groundball, 5L, EV 104.4 MPH)
|
|
Batting: RHB Jon Groseclose
|
0-0: Foul Ball, location: 2F 0-1: Ball 1-1: Ball 2-1: SINGLE (Groundball, 6D, EV 96.9 MPH) Lu-po-teh Zhou to third
|
|
Batting: RHB Dave McBain
|
0-0: Called Strike 0-1: Ball 1-1: Called Strike 1-2: Foul Ball, location: 2F 1-2: Foul Ball, location: 2F 1-2: Strikes out swinging
|
| Bottom of the 2nd over - 1 run, 4 hits, 0 errors, 2 left on base; Palm Beach 1 - Calgary 1 |
| TOP OF THE 3RD |
|
Palm Beach Nationals batting - Pitching for Calgary Flames : RHP Antonio Reyes
|
|
Batting: RHB Bobby Bricker
|
0-0: Ball 1-0: Ball 2-0: Ball 3-0: Called Strike 3-1: Called Strike 3-2: Base on Balls
|
|
Batting: RHB Victor Cintron
|
0-0: Ball 1-0: Called Strike 1-1: Ball 2-1: Swinging Strike 2-2: SINGLE (Groundball, 4MD, EV 97.5 MPH) Bobby Bricker to second Runner from 2nd tries for 3rd, SAFE after rundown.
|
|
Batting: RHB Steve Bauman
|
0-0: Ball 1-0: Fly out, F8 (Flyball, 78M, EV 89.4 MPH) Runner from 3rd tags up, SCORES, throw by CF
|
|
Batting: RHB Gregg Huddleston
|
0-0: Ball 1-0: Ball Victor Cintron steals 2nd base (no throw) 2-0: Ball 3-0: Called Strike 3-1: Foul Ball, location: 2F 3-2: SINGLE (Groundball, 56D, EV 104.4 MPH) Victor Cintron to third Runner from 3rd tries for Home, throw by LF and OUT! 7-2 Gregg Huddleston to second
|
|
Batting: RHB Antonio Vallez
|
0-0: Fly out, F7 (Flyball, 7LM, EV 89.4 MPH)
|
| Top of the 3rd over - 1 run, 2 hits, 0 errors, 1 left on base; Palm Beach 2 - Calgary 1 |
| BOTTOM OF THE 3RD |
|
Calgary Flames batting - Pitching for Palm Beach Nationals : LHP Kevin Besser
|
|
Batting: LHB Ramon Vega
|
0-0: Ball 1-0: Called Strike 1-1: SINGLE (Groundball, 5S, EV 61.2 MPH) (infield hit)
|
|
Batting: RHB Eric McMillian
|
0-0: Called Strike 0-1: SINGLE (Flyball, 8RS, EV 92.5 MPH) Ramon Vega to second
|
|
Batting: RHB Wally Cangro
|
0-0: Swinging Strike 0-1: Ball 1-1: Foul Ball, location: 2F 1-2: Fly out, F8 (Flyball, 8RXD, EV 80.6 MPH) Runner from 2nd tags up, SAFE at 3rd, no throw by CF
|
|
Batting: LHB Tony Contreras
|
0-0: Called Strike 0-1: Called Strike 0-2: Ball 1-2: Ball 2-2: Foul Ball, location: 2F 2-2: Ball 3-2: Foul Ball, location: 2F 3-2: Strikes out looking Eric McMillian is caught stealing 2nd base 2-6 Batter strikes out.
|
| Bottom of the 3rd over - 0 runs, 2 hits, 0 errors, 1 left on base; Palm Beach 2 - Calgary 1 |
| TOP OF THE 4TH |
|
Palm Beach Nationals batting - Pitching for Calgary Flames : RHP Antonio Reyes
|
|
Batting: RHB Justin Van Houten
|
0-0: Ball 1-0: Fly out, F8 (Line Drive, 8LM, EV 90.6 MPH)
|
|
Batting: RHB Scott Merritt
|
0-0: Called Strike 0-1: Ball 1-1: Ball 2-1: Foul Ball, location: 2F 2-2: Strikes out swinging
|
|
Batting: RHB Jelexiz Cuenca
|
0-0: Ball 1-0: Ball 2-0: Ball 3-0: Called Strike 3-1: Base on Balls
|
|
Batting: RHB Lamar Thornton
|
0-0: 2-RUN HOME RUN (Flyball, 7LD, EV 95.6 MPH), Distance : 361 ft
|
|
Batting: RHB Bobby Bricker
|
0-0: Foul Ball, location: 2F 0-1: Ball 1-1: Fly out, F4 (Popup, 3S, EV 80.6 MPH)
|
| Top of the 4th over - 2 runs, 1 hit, 0 errors, 0 left on base; Palm Beach 4 - Calgary 1 |
| BOTTOM OF THE 4TH |
|
Calgary Flames batting - Pitching for Palm Beach Nationals : LHP Kevin Besser
|
|
Batting: RHB Brian DeVoe
|
0-0: Ball 1-0: Called Strike 1-1: Ground out U3 (Groundball, 34S, EV 85.0 MPH)
|
|
Batting: RHB Mike MacLeod
|
0-0: Called Strike 0-1: SOLO HOME RUN (Flyball, 7LD, EV 111.9 MPH), Distance : 408 ft
|
|
Batting: LHB Lu-po-teh Zhou
|
0-0: Called Strike 0-1: Foul Ball, location: 2F 0-2: Ball 1-2: Strikes out swinging
|
|
Batting: RHB Jon Groseclose
|
0-0: Foul Ball, location: 2F 0-1: Ball 1-1: Called Strike 1-2: Ball 2-2: Ball 3-2: DOUBLE (Line Drive, 8RXD, EV 105.0 MPH)
|
|
Batting: RHB Dave McBain
|
0-0: Called Strike 0-1: SINGLE (Line Drive, 56D, EV 96.2 MPH) Jon Groseclose to third
|
|
Batting: LHB Ramon Vega
|
0-0: Called Strike 0-1: Ball 1-1: Ball 2-1: SINGLE (Groundball, 6M, EV 98.8 MPH) (infield hit) Jon Groseclose scores Dave McBain to second
|
|
Batting: RHB Eric McMillian
|
0-0: Ball 1-0: Ball 2-0: Ball 3-0: Called Strike 3-1: Foul Ball, location: 2F 3-2: Base on Balls Dave McBain to third Ramon Vega to second
|
|
Pitching: RHP Jessie Fisher
|
|
|
Batting: RHB Wally Cangro
|
0-0: Ball 1-0: Ball 2-0: Foul Ball, location: 2F 2-1: Swinging Strike 2-2: Ball 3-2: Foul Ball, location: 2F 3-2: DOUBLE (Line Drive, 89XD, EV 106.9 MPH) Dave McBain scores Ramon Vega scores Eric McMillian to third Eric McMillian scores
|
|
Batting: LHB Tony Contreras
|
0-0: Ball 1-0: Foul Ball, location: 2F 1-1: Called Strike Wally Cangro steals 3rd base 1-2: Ball 2-2: Ball 3-2: Base on Balls
|
|
Batting: RHB Brian DeVoe
|
0-0: Ball 1-0: Swinging Strike 1-1: Fly out, F9 (Flyball, 89M, EV 78.8 MPH)
|
| Bottom of the 4th over - 5 runs, 5 hits, 0 errors, 2 left on base; Palm Beach 4 - Calgary 6 |
| TOP OF THE 5TH |
|
Palm Beach Nationals batting - Pitching for Calgary Flames : RHP Antonio Reyes
|
|
Batting: RHB Victor Cintron
|
0-0: Foul Ball, location: 2F 0-1: Ball 1-1: Called Strike 1-2: Ground out 4-3 (Groundball, 34, EV 103.1 MPH)
|
|
Batting: RHB Steve Bauman
|
0-0: Foul Ball, location: 2F 0-1: SINGLE (Line Drive, 7S, EV 99.4 MPH)
|
|
Batting: RHB Gregg Huddleston
|
0-0: Foul Ball, location: 2F 0-1: Swinging Strike 0-2: Ball 1-2: Strikes out swinging
|
|
Batting: RHB Antonio Vallez
|
0-0: Ball 1-0: Foul Ball, location: 2F 1-1: Ball 2-1: 2-RUN HOME RUN (Flyball, 7D, EV 101.9 MPH), Distance : 402 ft
|
|
Batting: RHB Justin Van Houten
|
0-0: Ball 1-0: Ball 2-0: Called Strike 2-1: Called Strike 2-2: Strikes out swinging
|
| Top of the 5th over - 2 runs, 2 hits, 0 errors, 0 left on base; Palm Beach 6 - Calgary 6 |
| BOTTOM OF THE 5TH |
|
Calgary Flames batting - Pitching for Palm Beach Nationals : RHP Jessie Fisher
|
|
Batting: RHB Mike MacLeod
|
0-0: Ball 1-0: Swinging Strike 1-1: Ball 2-1: Foul Ball, location: 2F 2-2: Ball 3-2: Foul Ball, location: 2F 3-2: Foul Ball, location: 2F 3-2: Base on Balls
|
|
Batting: LHB Lu-po-teh Zhou
|
0-0: Fly out, F7 (Flyball, 7D, EV 105.0 MPH)
|
|
Batting: RHB Jon Groseclose
|
0-0: Ball 1-0: Swinging Strike 1-1: SINGLE (Groundball, 34D, EV 101.9 MPH) Mike MacLeod to second Runner from 2nd tries for 3rd, SAFE, no throw by RF
|
|
Batting: RHB Dave McBain
|
0-0: Called Strike 0-1: Fly out, F6 (Flyball, 6MD, EV 83.1 MPH)
|
|
Batting: LHB Ramon Vega
|
0-0: Ball 1-0: Ball 2-0: Swinging Strike 2-1: Ball 3-1: Base on Balls Jon Groseclose to second
|
|
Batting: RHB Eric McMillian
|
0-0: Called Strike 0-1: Ball 1-1: DOUBLE (Line Drive, 78D, EV 108.8 MPH) Mike MacLeod scores Jon Groseclose scores Ramon Vega to third Runner from 3rd tries for Home, SAFE, no throw by CF
|
|
Batting: RHB Wally Cangro
|
0-0: Ground out 4-3 (Groundball, 4, EV 100.6 MPH)
|
| Bottom of the 5th over - 3 runs, 2 hits, 0 errors, 1 left on base; Palm Beach 6 - Calgary 9 |
| TOP OF THE 6TH |
|
Palm Beach Nationals batting - Pitching for Calgary Flames : RHP Antonio Reyes
|
|
Batting: RHB Scott Merritt
|
0-0: Ball 1-0: Ball 2-0: Foul Ball, location: 2F 2-1: Ball 3-1: Fly out, F3 (Popup, 3L, EV 68.8 MPH)
|
|
Batting: RHB Jelexiz Cuenca
|
0-0: Foul Ball, location: 2F 0-1: Foul Ball, location: 2F 0-2: Strikes out swinging
|
|
Batting: RHB Lamar Thornton
|
0-0: TRIPLE (Flyball, 89XD, EV 100.0 MPH)
|
|
Batting: RHB Bobby Bricker
|
0-0: Ball 1-0: Called Strike 1-1: Swinging Strike 1-2: Ball 2-2: Ground out 4-3 (Groundball, 34, EV 86.9 MPH)
|
| Top of the 6th over - 0 runs, 1 hit, 0 errors, 1 left on base; Palm Beach 6 - Calgary 9 |
| BOTTOM OF THE 6TH |
|
Calgary Flames batting - Pitching for Palm Beach Nationals : RHP Jessie Fisher
|
|
Batting: LHB Tony Contreras
|
0-0: Ball 1-0: Ball 2-0: Ball 3-0: Called Strike 3-1: Base on Balls
|
|
Batting: RHB Brian DeVoe
|
0-0: Ball 1-0: Called Strike Tony Contreras steals 2nd base 1-1: Ball 2-1: Ball 3-1: SINGLE (Groundball, 6MD, EV 100.0 MPH) Tony Contreras to third
|
|
Batting: RHB Mike MacLeod
|
0-0: Ball Brian DeVoe is caught stealing 2nd base 2-4 1-0: Ball 2-0: Called Strike 2-1: Called Strike 2-2: Ball 3-2: DOUBLE (Flyball, 8RXD, EV 100.6 MPH) Tony Contreras scores
|
|
Batting: LHB Lu-po-teh Zhou
|
0-0: Ground out 4-3 (Groundball, 4, EV 103.8 MPH) Mike MacLeod to third
|
|
Batting: RHB Jon Groseclose
|
0-0: Ball 1-0: SINGLE (Flyball, 89S, EV 93.8 MPH) Mike MacLeod scores
|
|
Batting: RHB Dave McBain
|
0-0: Ball 1-0: Ball 2-0: Called Strike 2-1: Ground out 4-3 (Groundball, 4, EV 106.2 MPH)
|
| Bottom of the 6th over - 2 runs, 3 hits, 0 errors, 1 left on base; Palm Beach 6 - Calgary 11 |
| TOP OF THE 7TH |
|
Palm Beach Nationals batting - Pitching for Calgary Flames : RHP Antonio Reyes
|
|
Pitching: RHP Dave Waterman
|
|
|
Batting: RHB Victor Cintron
|
0-0: Foul Ball, location: 2F 0-1: Swinging Strike 0-2: Ball 1-2: Strikes out swinging
|
|
Batting: RHB Steve Bauman
|
0-0: Foul Ball, location: 2F 0-1: Ball 1-1: Ground out 3-1 (Groundball, 13, EV 83.1 MPH)
|
|
Batting: RHB Gregg Huddleston
|
0-0: Ball 1-0: Ball 2-0: Foul Ball, location: 2F 2-1: Foul Ball, location: 2F 2-2: Foul Ball, location: 2F 2-2: TRIPLE (Flyball, 89XD, EV 101.2 MPH)
|
|
Batting: RHB Antonio Vallez
|
0-0: Called Strike 0-1: Ball 1-1: Called Strike 1-2: Strikes out swinging
|
| Top of the 7th over - 0 runs, 1 hit, 0 errors, 1 left on base; Palm Beach 6 - Calgary 11 |
| BOTTOM OF THE 7TH |
|
Calgary Flames batting - Pitching for Palm Beach Nationals : RHP Jessie Fisher
|
|
Pitching: RHP Curtis DeLille
|
|
|
Batting: LHB Ramon Vega
|
0-0: Called Strike 0-1: Called Strike 0-2: Ball 1-2: Ball 2-2: Ball 3-2: Reached on error, E3 (Groundball, 34S, EV 89.4 MPH)
|
|
Batting: RHB Eric McMillian
|
0-0: Ball 1-0: Ball 2-0: Called Strike 2-1: Grounds into double play, 5-4-3 (Groundball, 56, EV 81.2 MPH)
|
|
Batting: RHB Wally Cangro
|
0-0: Called Strike 0-1: Ball 1-1: Ball 2-1: Foul Ball, location: 2F 2-2: Fly out, F8 (Flyball, 8LS, EV 86.2 MPH)
|
| Bottom of the 7th over - 0 runs, 0 hits, 1 error, 0 left on base; Palm Beach 6 - Calgary 11 |
| TOP OF THE 8TH |
|
Palm Beach Nationals batting - Pitching for Calgary Flames : RHP Dave Waterman
|
|
Batting: RHB Justin Van Houten
|
0-0: Ball 1-0: Ball 2-0: Ball 3-0: Called Strike 3-1: Swinging Strike 3-2: Strikes out swinging, 2-3 out at first.
|
|
Batting: RHB Scott Merritt
|
0-0: Ball 1-0: Called Strike 1-1: Ball 2-1: Called Strike 2-2: Fly out, F9 (Flyball, 9LS, EV 97.5 MPH)
|
|
Pinch Hitting: LHB Chance McWilliams
|
0-0: Called Strike 0-1: Called Strike 0-2: Ball 1-2: Foul Ball, location: 2F 1-2: Ground out 6-3 (Groundball, 6MD, EV 101.2 MPH)
|
| Top of the 8th over - 0 runs, 0 hits, 0 errors, 0 left on base; Palm Beach 6 - Calgary 11 |
| BOTTOM OF THE 8TH |
|
Calgary Flames batting - Pitching for Palm Beach Nationals : RHP Curtis DeLille
|
|
Now at SS: Jason Ewert
|
|
|
Batting: LHB Tony Contreras
|
0-0: Ball 1-0: Foul Ball, location: 2F 1-1: Ball 2-1: Ground out 6-3 (Groundball, 4M, EV 86.2 MPH)
|
|
Batting: RHB Brian DeVoe
|
0-0: Ground out 5-3 (Groundball, 56S, EV 84.4 MPH)
|
|
Batting: RHB Mike MacLeod
|
0-0: Called Strike 0-1: Ball 1-1: Ball 2-1: Swinging Strike 2-2: Foul Ball, location: 2F 2-2: Foul Ball, location: 2F 2-2: Ball 3-2: Base on Balls
|
|
Batting: LHB Lu-po-teh Zhou
|
0-0: Ball 1-0: Ball 2-0: Called Strike 2-1: Foul Ball, location: 2F 2-2: Foul Ball, location: 2F 2-2: TRIPLE (Flyball, 89XD, EV 108.1 MPH) Mike MacLeod scores
|
|
Batting: RHB Jon Groseclose
|
0-0: Ball 1-0: Fly out, F9 (Flyball, 89D, EV 86.9 MPH)
|
| Bottom of the 8th over - 1 run, 1 hit, 0 errors, 1 left on base; Palm Beach 6 - Calgary 12 |
| TOP OF THE 9TH |
|
Palm Beach Nationals batting - Pitching for Calgary Flames : RHP Dave Waterman
|
|
Batting: RHB Lamar Thornton
|
0-0: Ground out 6-3 (Groundball, 6MD, EV 87.5 MPH)
|
|
Batting: RHB Bobby Bricker
|
0-0: Foul Ball, location: 2F 0-1: Foul Ball, location: 2F 0-2: Strikes out swinging
|
|
Batting: RHB Victor Cintron
|
0-0: Called Strike 0-1: Ball 1-1: Ball 2-1: Foul Ball, location: 2F 2-2: Ball 3-2: Foul Ball, location: 2F 3-2: Strikes out swinging
|
| Top of the 9th over - 0 runs, 0 hits, 0 errors, 0 left on base; Palm Beach 6 - Calgary 12 |
|